 Dungeon Crawl Stone Soup version 0.19-a0-1498-g0b85ae9 (webtiles) character file.

235 rlgrobin the Digger (level 5, -5/38 HPs)
             Began as a Demigod Earth Elementalist on Sept 10, 2016.
             Slain by an ogre
             ... wielding a +0 giant spiked club
              (24 damage)
             ... on level 4 of the Dungeon.
             The game lasted 00:11:19 (3547 turns).

rlgrobin the Digger (Demigod Earth Elementalist)    Turns: 3547, Time: 00:11:20

Health: -5/38      AC:  8    Str: 11    XL:     5   Next: 47%
Magic:  8/12       EV: 11    Int: 21    God:
Gold:   164        SH:  0    Dex: 16    Spells: 5 memorised, 2 levels left

rFire  . . .     SeeInvis .     a - 63 stones
rCold  . . .     Gourm    .     n - +0 ring mail
rNeg   . . .     Faith    .     (no shield)
rPois  .         Spirit   .     (no helmet)
rElec  .         Dismiss  .     (no cloak)
rCorr  .         Reflect  .     c - +2 pair of gloves
MR     .....     Harm     .     (no boots)
Stlth  +.........               (no amulet)
                                (no ring)
                                (no ring)

@: no status effects
A: high mp 1
a: no special abilities


You were on level 4 of the Dungeon.
You were hungry.

You visited 1 branch of the dungeon, and saw 4 of its levels.

You collected 164 gold pieces.

Inventory:

Hand Weapons
 b - a +0 dagger of electrocution
Missiles
 a - 63 stones (in hand)
 p - 17 sling bullets
Armour
 c - a +2 pair of gloves (worn)
 n - a +0 ring mail (worn)
Jewellery
 l - a cursed -3 ring of dexterity {unknown}
Scrolls
 j - a scroll of fear
 o - a scroll of identify
 q - a scroll of teleportation {unknown}
 s - a scroll of amnesia
 t - a scroll of recharging {unknown}
Potions
 e - a potion of lignification {unknown}
 f - a potion of brilliance
 g - a potion of haste
 h - a potion of ambrosia {unknown}
 i - 3 potions of agility
 k - 2 potions of curing
 m - a potion of heal wounds
 r - a potion of cancellation
 u - a potion of magic {unknown}
Comestibles
 d - 4 bread rations


   Skills:
 + Level 2.7 Short Blades
 - Level 1.7 Dodging
 - Level 1.7 Stealth
 - Level 3.0 Spellcasting
 - Level 0.8 Transmutations
 - Level 4.2 Earth Magic


You had 2 spell levels left.
You knew the following spells:

 Your Spells              Type           Power        Failure   Level  Hunger
a - Sandblast             Erth           ###...       6%          1    None
b - Passwall              Tmut/Erth      ##........   21%         2    ##.....
c - Stone Arrow           Conj/Erth      ##....       47%         3    ###....
d - Summon Butterflies    Summ           #.......     34%         1    None
e - Apportation           Tloc           #.........   34%         1    None


Dungeon Overview and Level Annotations

Branches:
Dungeon (4/15)
 Temple: D:4-7


Innate Abilities, Weirdness & Mutations

You have an increased reservoir of magic. (+10% MP)


Message History

Aim: an ogre, wielding a giant spiked club (moderately wounded)
The rocky blast hits the ogre.
The ogre is heavily wounded.
Casting: Sandblast
Confirm with . or Enter, or press ? or * to list all spells.
Aiming: Sandblast
Press: ? - help, Shift-Dir - straight line, f/p - ogre
Aim: an ogre, wielding a giant spiked club (heavily wounded)
The rocky blast misses the ogre.
The ogre hits you with a giant spiked club!!
Ouch! That really hurt!
Casting: Sandblast
Confirm with . or Enter, or press ? or * to list all spells.
Aiming: Sandblast
Press: ? - help, Shift-Dir - straight line, f/p - ogre
Aim: an ogre, wielding a giant spiked club (heavily wounded)
The rocky blast misses the ogre.
The ogre hits you with a giant spiked club!!
Ouch! That really hurt!
You die...

#..#
#.#########
#..#
#.....>..#
#..#
#.######.#
...#
#<....# .#
#..#
#.###.# .#
#..##
#.###.##.#
....#
#.##<..#.#
...##
#.##.#O#.#
..##
#....#.@.#
.##
##..#####.#
.# #.##. .#
.# .#.. .
## .# ≈≈≈≈
.. .#
##≈###≈.#
.# #.≈≈≈≈≈
.# #(≈≈#
.#####.≈≈#


You could see an ogre.

Vanquished Creatures
  An orc priest (D:4)
  2 orc wizards (D:3)
  4 adders
  An ooze (D:3)
  3 worms
  4 giant geckos
  8 orcs
  2 giant cockroaches
  9 goblins
  10 hobgoblins
  11 jackals
  10 kobolds
  A quokka (D:2)
  7 bats
  3 giant newts (D:1)
  14 rats
90 creatures vanquished.

Notes
Turn   | Place    | Note
-------+----------+-------------------------------------------
     0 | D:1      | rlgrobin the Demigod Earth Elementalist began the quest for the Orb.
     0 | D:1      | Reached XP level 1. HP: 14/14 MP: 5/5
   162 | D:1      | Reached skill level 3 in Earth Magic
   485 | D:1      | Reached XP level 2. HP: 20/20 MP: 5/7
   899 | D:1      | Reached XP level 3. HP: 20/26 MP: 3/8
  1050 | D:2      | Reached skill level 4 in Earth Magic
  1750 | D:2      | Reached XP level 4. HP: 28/33 MP: 8/10
  2174 | D:3      | Found a hide-covered altar of Uskayaw.
  2380 | D:3      | Learned a level 2 spell: Passwall
  2384 | D:3      | Learned a level 3 spell: Stone Arrow
  2387 | D:3      | Learned a level 1 spell: Summon Butterflies
  2389 | D:3      | Learned a level 1 spell: Apportation
  2461 | D:3      | Found a shattered altar of Ashenzari.
  2510 | D:3      | Reached skill level 1 in Short Blades
  2634 | D:3      | Reached XP level 5. HP: 38/38 MP: 12/12
  2786 | D:3      | Found a sparkling altar of Nemelex Xobeh.
  3541 | D:4      | Noticed an ogre
  3547 | D:4      | Slain by an ogre

Vault maps used:
D:1:      mrwooster_arrival_statue_3
D:3:      evilmike_ruin_ashenzari, nicolae_overflow_crystal_walls,
          nemelex_xobeh_ov_fountains_minmay
D:4:      kennysheep_little_box, first_bread, minmay_crystal_water

Skill      XL: |  1  2  3  4  5 |
---------------+----------------+-----
Earth Magic    | 3 4 |  4.2
Spellcasting   | 2 3 |  3.0
Short Blades   | 1 2 |  2.7
Dodging        | |  1.7
Stealth        | |  1.7
Transmutations | |  0.8

Action                   |  1- 3 |  4- 6 || total
-------------------------+-------+-------++-------
Melee: Dagger            |    42 |    91 ||   133
       Unarmed           |     1 |       ||     1
Throw: Stone             |     2 |     1 ||     3
 Cast: Sandblast         |    74 |    20 ||    94
  Use: Scroll            |       |    10 ||    10
 Stab: Sleeping          |     1 |     3 ||     4
       Distracted        |     1 |       ||     1
  Eat: Chunk             |     3 |     5 ||     8
Armor: Robe              |     6 |    10 ||    16
       Ring mail         |       |     4 ||     4
Dodge: Dodged            |    63 |    63 ||   126
